 Dungeon Crawl Stone Soup version 0.18.1-48-g4cf74bf (console) character file.

13782 Kloppie the Spear-Bearer (level 11, -16/106 HPs)
             Began as a Minotaur Assassin on July 13, 2016.
             Was the Champion of Makhleb.
             Demolished by a wolf spider simulacrum (22 damage)
             ... in an ice cave.
             The game lasted 00:19:52 (10925 turns).

Kloppie the Spear-Bearer (Minotaur Assassin)       Turns: 10925, Time: 00:19:53

Health: -16/106    AC: 18    Str: 18    XL:     11   Next: 80%
Magic:  10/10      EV:  8    Int:  8    God:    Makhleb [******]
Gold:   239        SH:  5    Dex: 13    Spells: 0 memorised, 10 levels left

rFire  . . .     SeeInvis .     a - +1 trident (drain)
rCold  . . .     Gourm    .     l - +0 chain mail
rNeg   . . .     Faith    .     x - +0 buckler
rPois  .         Spirit   .     (helmet restricted)
rElec  .         Dismiss  .     d - +1 cloak
rCorr  .         Reflect  .     K - +0 pair of gloves
SustAt .         Harm     .     h - +0 pair of boots
MR     ++...                    N - amulet of regeneration
Stlth  ..........               H - ring of protection from magic
                                u - ring of protection from magic

@: very resistant to hostile enchantments, extremely unstealthy
A: retaliatory headbutt, horns 2
a: Minor Destruction, Lesser Servant of Makhleb, Major Destruction, Greater
Servant of Makhleb, Renounce Religion


You were in an ice cave.
You worshipped Makhleb.
Makhleb was exalted by your worship.
You were hungry.

You visited 1 branch of the dungeon, and saw 11 of its levels.
You also visited: Ossuary and Ice Cave.

You collected 762 gold pieces.
You spent 523 gold pieces at shops.

Inventory:

Hand Weapons
 a - a +1 trident of draining (weapon)
 b - a +0 blowgun
 P - a +0 glaive of flaming
Missiles
 f - 2 curare-tipped needles
Armour
 c - a +0 shield
 d - a +1 cloak (worn)
 h - a +0 pair of boots (worn)
 l - a +0 chain mail (worn)
 x - a +0 buckler (worn)
 K - a +0 pair of gloves (worn)
Jewellery
 u - a ring of protection from magic (left hand)
 w - an uncursed amulet of rage
 H - a ring of protection from magic (right hand)
 N - an amulet of regeneration (around neck)
Wands
 L - a wand of acid (3/15)
Scrolls
 r - 3 scrolls of teleportation
 F - a scroll of blinking
 G - a scroll of enchant weapon
 I - 3 scrolls of remove curse
 Q - 3 scrolls of identify
Potions
 i - 4 potions of lignification
 j - 4 potions of flight
 m - 2 potions of invisibility
 n - 2 potions of brilliance
 o - 2 potions of magic
 p - 2 potions of cancellation
 z - 4 potions of resistance
 A - 5 potions of heal wounds
 B - 2 potions of ambrosia
 C - 4 potions of curing
 E - 2 potions of agility
 J - a potion of beneficial mutation {unknown}
 R - a potion of mutation {unknown}
Books
 k - a book of Ice

   Spells                             Type                      Level
   a - Ice Form                       Ice/Transmutation            4
   b - Metabolic Englaciation         Hexes/Ice                    5
   c - Ozocubu's Refrigeration        Ice                          6
   d - Bolt of Cold                   Conjuration/Ice              6
   e - Freezing Cloud                 Conjuration/Ice/Air          6
   f - Simulacrum                     Ice/Necromancy               6
 q - a book of Summonings

   Spells                             Type                      Level
   a - Recall                         Summoning/Translocation      3
   b - Aura of Abjuration             Summoning                    5
   c - Summon Demon                   Summoning                    5
   d - Summon Forest                  Summoning/Translocation      5
   e - Summon Mana Viper              Hexes/Summoning              5
   f - Shadow Creatures               Summoning                    6
 y - a book of Changes

   Spells                             Type                      Level
   a - Beastly Appendage              Transmutation                1
   b - Sticks to Snakes               Transmutation                2
   c - Spider Form                    Transmutation/Poison         3
   d - Ice Form                       Ice/Transmutation            4
   e - Blade Hands                    Transmutation                5
Comestibles
 g - 11 bread rations
 s - 3 fruits
 t - 5 slices of pizza
 v - 8 beef jerkies
 D - 8 meat rations
 M - 2 chunks of flesh
 O - a royal jelly


   Skills:
 + Level 12.8 Fighting
   Level 2.1 Short Blades
 + Level 12.9 Polearms
 - Level 2.0 Throwing
 + Level 12.2 Armour
 - Level 1.1 Dodging
 - Level 3.2 Stealth
 - Level 4.7 Shields


You had 10 spell levels left.
You didn't know any spells.

Dungeon Overview and Level Annotations

Branches:
Dungeon (11/15)            Temple (0/1) D:5            Lair (0/8) D:11
    Orc (0/2) D:10

Altars:
Ashenzari
Dithmenos
Fedhas
Makhleb
Okawaru
Pakellas
Qazlal
Zin

Shops:
D:4 *}*   D:5 =   D:7 [   D:9 *


Innate Abilities, Weirdness & Mutations

You reflexively headbutt those who attack you in melee.
You have a pair of horns on your head.


Message History

You are too injured to fight recklessly!
You are too injured to fight recklessly!
You are too injured to fight recklessly!
You are too injured to fight recklessly!
You are too injured to fight recklessly!
You are too injured to fight recklessly!
You are too injured to fight recklessly!
You are too injured to fight recklessly!
You are too injured to fight recklessly!
You are too injured to fight recklessly!
You are too injured to fight recklessly!
Drink which item? (? for menu, Esc to quit)
You feel much better. The wolf spider simulacrum hits you!
* * * LOW HITPOINT WARNING * * *
The wolf spider simulacrum freezes you!!
* * * LOW HITPOINT WARNING * * *
The wolf spider simulacrum bites you.
* * * LOW HITPOINT WARNING * * *
The wolf spider simulacrum freezes you!!
You die...

#### ##..## .
###....##
...##.......#
#....ZZ.∩.∩.#
#...ZZ@....#
##..##....##
## ##..##
####


You could see a wolf simulacrum, a death yak simulacrum, a swamp dragon
simulacrum and a wolf spider simulacrum.

Vanquished Creatures
  Maud (D:10)
  Erica (D:10)
  5 hill giants
  An orc sorcerer (D:10)
  A gargoyle (D:10)
  3 centaur skeletons (D:11)
  A two-headed ogre (D:9)
  Grinder (D:5)
  A vampire (D:9)
  A wraith (D:9)
  9 yaks
  Grum (D:11)
  Edmund (D:6)
  11 ice beasts
  2 orc warriors
  3 phantoms
  2 ogres
  2 black bears
  3 necrophages (D:6)
  An eye of draining (D:10)
  4 wolves (D:11)
  A crocodile (D:11)
  A big kobold (D:7)
  Blork the orc (D:5)
  3 giant frogs
  4 scorpions
  2 troll zombies (D:10)
  7 wights
  4 howler monkeys
  4 crimson imps
  10 hounds
  A quasit (D:6)
  3 giant frog zombies (D:6)
  2 centaur zombies
  5 orc priests
  3 iguanas
  8 orc wizards
  7 worker ants
  5 ogre zombies (D:10)
  2 hound zombies (D:6)
  A hound skeleton (D:8)
  8 mummies (Ossuary)
  A worker ant zombie (D:9)
  2 gnolls (D:2)
  A howler monkey skeleton (D:4)
  10 adders
  2 shadow imps
  An adder zombie (D:5)
  3 worms
  A dart slug (D:1)
  6 giant geckos
  27 orcs
  8 bats
  4 giant cockroaches
  A gnoll zombie (Ossuary)
  11 goblins
  7 hobgoblins
  5 jackals
  13 kobolds
  2 quokkas
  2 ball pythons
  A giant gecko zombie (D:6)
  8 giant newts
  3 goblin zombies
  2 hobgoblin skeletons (D:10)
  A hobgoblin zombie (Ossuary)
  3 kobold zombies (Ossuary)
  3 orc skeletons (D:10)
  17 orc zombies
  2 quokka zombies
  5 rats
  A rat zombie (D:5)
290 creatures vanquished.

Vanquished Creatures (collateral kills)
  An adder (D:7)
1 creature vanquished.

Vanquished Creatures (others)
  A goblin zombie (D:10)
  A bush (D:6)
  6 plants (D:6)
8 creatures vanquished.

Grand Total: 299 creatures vanquished

Notes
Turn   | Place    | Note
--------------------------------------------------------------
     0 | D:1      | Kloppie the Minotaur Assassin began the quest for the Orb.
     0 | D:1      | Reached XP level 1. HP: 18/18 MP: 0/0
   265 | D:1      | Reached XP level 2. HP: 25/25 MP: 1/1
   372 | D:1      | Reached skill level 1 in Polearms
   392 | D:1      | Reached skill level 1 in Armour
   760 | D:2      | Reached XP level 3. HP: 31/31 MP: 2/2
   794 | D:2      | Found a stormy altar of Qazlal.
  1006 | D:2      | Reached XP level 4. HP: 29/40 MP: 3/3
  1363 | D:2      | Found a burning altar of Makhleb.
  1365 | D:2      | Found a glowing silver altar of Zin.
  1365 | D:2      | Noticed an angel
  1365 | D:2      | Noticed a blizzard demon
  1394 | D:2      | Became a worshipper of Makhleb the Destroyer
  1963 | D:3      | Reached skill level 1 in Shields
  1989 | D:3      | Reached XP level 5. HP: 44/47 MP: 4/4
  2012 | D:3      | Found a blossoming altar of Fedhas.
  2012 | D:3      | Found a shattered altar of Ashenzari.
  2039 | D:3      | Reached * piety under Makhleb
  2192 | D:3      | Found a shadowy altar of Dithmenos.
  2646 | D:4      | Reached XP level 6. HP: 54/55 MP: 5/5
  2871 | D:4      | Found Ibunin's Gadget Emporium.
  2925 | D:4      | Found Nunuz's General Store.
  2928 | D:4      | Bought 2 potions of heal wounds for 130 gold pieces
  2928 | D:4      | Bought a scroll of identify for 26 gold pieces
  3063 | D:4      | Reached ** piety under Makhleb
  3123 | D:4      | Found Oskewnu's Assorted Antiques.
  3419 | D:5      | Entered Level 5 of the Dungeon
  3455 | D:5      | Noticed Grinder
  3463 | D:5      | Killed Grinder
  3463 | D:5      | Reached skill level 5 in Polearms
  3463 | D:5      | Reached XP level 7. HP: 48/60 MP: 6/6
  3522 | D:5      | Found a sand-covered staircase.
  3567 | Ossuary  | Entered an ossuary
  3601 | Ossuary  | Reached skill level 5 in Fighting
  3819 | D:5      | Noticed Blork the orc
  3833 | D:5      | Killed Blork the orc
  3842 | D:5      | Found Ykurghur's Jewellery Emporium.
  3854 | D:5      | Bought a cursed ring of teleportation for 63 gold pieces
  3854 | D:5      | Bought a cursed ring of loudness for 63 gold pieces
  4107 | D:5      | Found a staircase to the Ecumenical Temple.
  4493 | D:6      | Reached XP level 8. HP: 70/70 MP: 7/7
  4600 | D:6      | Reached *** piety under Makhleb
  4911 | D:6      | Reached skill level 5 in Armour
  5038 | D:6      | Noticed Edmund
  5065 | D:6      | Killed Edmund
  5514 | D:6      | Found a blossoming altar of Fedhas.
  6050 | D:7      | Found Omostruy's Armour Boutique.
  6317 | D:7      | Bought a +0 shield for 67 gold pieces
  6327 | D:7      | Reached XP level 9. HP: 80/80 MP: 8/8
  6329 | D:7      | Reached **** piety under Makhleb
  6379 | D:7      | Found a stormy altar of Qazlal.
  6416 | D:7      | Found an oddly glowing altar of Pakellas.
  7090 | D:8      | Found an iron altar of Okawaru.
  7872 | D:9      | Found Neosh's Assorted Antiques.
  7878 | D:9      | Bought a scroll labeled WONLAY VOSTRE for 29 gold pieces
  7878 | D:9      | Bought a thick cameo amulet for 145 gold pieces
  8959 | D:9      | Identified a scroll of acquirement
  9009 | D:10     | Entered Level 10 of the Dungeon
  9084 | D:10     | Reached skill level 10 in Polearms
  9158 | D:9      | Reached XP level 10. HP: 85/92 MP: 9/9
  9292 | D:9      | Reached skill level 10 in Fighting
  9297 | D:9      | Reached ***** piety under Makhleb
  9395 | D:10     | Noticed Erica
  9412 | D:10     | Killed Erica
  9412 | D:10     | Reached skill level 10 in Armour
  9457 | D:10     | Noticed Maud
  9487 | D:10     | Killed Maud
  9585 | D:10     | Noticed a hill giant
  9586 | D:10     | Noticed a hill giant
  9612 | D:10     | Killed a hill giant
  9689 | D:10     | Killed a hill giant
  9689 | D:10     | Reached XP level 11. HP: 102/102 MP: 10/10
  9977 | D:10     | Noticed a hill giant
  9983 | D:10     | Killed a hill giant
 10011 | D:10     | Noticed an orc sorcerer
 10031 | D:10     | Killed an orc sorcerer
 10046 | D:10     | Found a staircase to the Orcish Mines.
 10579 | D:11     | Noticed a hill giant
 10593 | D:11     | Killed a hill giant
 10640 | D:11     | Noticed Grum
 10668 | D:11     | Killed Grum
 10848 | D:11     | Noticed a hill giant
 10850 | D:11     | Found a frozen archway.
 10859 | D:11     | Killed a hill giant
 10899 | D:11     | Reached ****** piety under Makhleb
 10919 | IceCv    | Entered an ice cave
 10925 | IceCv    | Demolished by a wolf spider simulacrum

Skill      XL: |  1  2  3  4  5  6  7  8  9 10 11 |
---------------+----------------------------------+-----
Fighting       | 3 4 6 7 9 11 12 | 12.8
Polearms       | 1 2 3 5 6 8 10 11 12 | 12.9
Armour         | 1 2 3 4 6 9 10 12 | 12.2
Shields        | 1 2 4 |  4.7
Short Blades   | |  2.1
Throwing       | |  2.0
Dodging        | |  1.1
Stealth        | |  3.2

Action                   |  1- 3 |  4- 6 |  7- 9 | 10-12 || total
-------------------------+-------+-------+-------+-------++-------
Melee: Spear             |   116 |   175 |       |       ||   291
       Dagger            |     4 |       |       |       ||     4
       Headbutt          |    16 |    41 |    99 |   115 ||   271
       Trident           |       |    71 |   588 |   451 ||  1110
 Fire: Blowgun           |     8 |     4 |    14 |    13 ||    39
  Use: Scroll            |       |    13 |    11 |     2 ||    26
       Potion            |       |       |     3 |     4 ||     7
 Stab: Sleeping          |     1 |       |       |       ||     1
       Distracted        |     1 |       |     1 |       ||     2
  Eat: Chunk             |       |     8 |    17 |     6 ||    31
       Royal jelly       |       |       |     1 |       ||     1
Armor: Chain mail        |    79 |    94 |   256 |   172 ||   601
       Robe              |     1 |       |       |       ||     1
       Skin              |       |       |    19 |       ||    19
Dodge: Dodged            |    31 |    37 |   130 |    89 ||   287
Block: Buckler           |       |    23 |   107 |    62 ||   192
